 Dungeon Crawl Stone Soup version 0.31-a0-604-g8e0283293c (webtiles) character file.

Game seed: 8492535966141146955

2664 sigonnn the Grappler (level 9, -6/85 HPs)
             Began as a Troll Shapeshifter on Aug 21, 2023.
             Was a Believer of Okawaru.
             Mangled by an ice beast (10 damage)
             ... on level 7 of the Dungeon.
             The game lasted 00:12:33 (5079 turns).

sigonnn the Grappler (Troll Shapeshifter)           Turns: 5079, Time: 00:12:33

Health: -6/85      AC:  5    Str: 29    XL:     9   Next: 36%
Magic:  8/8        EV:  9    Int:  4    God:    Okawaru [**....]
Gold:   324        SH:  0    Dex: 10    Spells: 8/8 levels left

rFire   . .          .
                       - Unarmed
rCold   . . .        (no shield)
rNeg    . . .        P - +1 robe {Will+}
rPois   .            (helmet currently unavailable)
rElec   .            (cloak currently unavailable)
rCorr   .            (gloves unavailable)
SInv    .            (boots unavailable)
Will    +....        g - amulet of regeneration
Stlth   +            (no ring)
HPRegen 1.94/turn    (no ring)
MPRegen 0.11/turn

%: no passive effects
@: beast-form
A: beast (slay +4), large, unfitting armour, claws 3, regeneration 1, shaggy fur
1, tough skin 1
a: Begin Untransformation, Renounce Religion, Heroism


You were on level 7 of the Dungeon.
You worshipped Okawaru.
Okawaru was pleased with you.
You were a hulking beast.
You visited 1 branch of the dungeon, and saw 7 of its levels.
You also visited: Sewer.

You collected 324 gold pieces.


Innate Abilities, Weirdness & Mutations

You are a hulking beast.
Your limbs bulge with bestial killing power. (Slay +4)
You are too large for most types of armour.
You have claws for hands.
Your natural rate of healing is unusually fast.
You are covered in fur. (AC +1)
You have tough skin. (AC +1)


   Skills:
 + Level 4.7 Fighting
 - Level 1.5 Dodging
 * Level 8.7 Unarmed Combat
 * Level 7.5 Shapeshifting


You had 8 spell levels left.
You didn't know any spells.
Your spell library contained the following spells:

 Spells                   Type           Power      Damage    Failure   Level
 Frozen Ramparts          Ice            0%         1d1       86%         3
 Ozocubu's Armour         Ice            0%         N/A       86%         3
 Vhi's Electric Charge    Tloc/Air       0%         N/A       86%         3
 Petrify                  Tmut/Erth      0%         N/A       99%         4
 Arcjolt                  Conj/Air       0%         1d10      100%        5
 Metabolic Englaciation   Hex/Ice        0%         N/A       100%        5
 Ozocubu's Refrigeration  Ice            0%         4d7       100%        7
 Maxwell's Capacitive Co  Air            0%         ∞         100%        8

Inventory:

Missiles
 e - 40 stones
 k - 7 poisoned darts
 o - 6 javelins
 u - 2 throwing nets {=f!f}
 y - 3 boomerangs
 K - 2 large rocks {=f}
Armour
 L - a +0 kite shield
   (You found it on level 5 of the Dungeon)
 P - a +1 robe of willpower (worn)
   (You took it off a wight on level 7 of the Dungeon)
 X - a +1 robe of positive energy
   (You took it off a wight on level 7 of the Dungeon)
Jewellery
 g - an amulet of regeneration (around neck)
   (You found it on level 2 of the Dungeon)
 p - an amulet of magic regeneration
   (You found it on level 2 of the Dungeon)
 t - an amulet of reflection
   (You found it on level 2 of the Dungeon)
 F - a ring of fire
   (You found it on level 7 of the Dungeon)
 G - an amulet of guardian spirit
   (You found it on level 3 of the Dungeon)
Talismans
 c - a beast talisman (active)
 d - a flux talisman
Wands
 a - a wand of mindburst (9)
   (You found it on level 7 of the Dungeon)
 A - a wand of digging (6)
   (You found it on level 3 of the Dungeon)
 I - a wand of paralysis (9)
   (You found it on level 5 of the Dungeon)
Scrolls
 f - a scroll of poison {unknown}
 h - a scroll of vulnerability {unknown}
 m - a scroll of revelation {unknown}
 n - 2 scrolls of immolation {unknown}
 v - a scroll of torment {unknown}
 x - a scroll of enchant armour {unknown}
 z - 3 scrolls of noise {unknown}
 C - a scroll of silence {unknown}
 E - 5 scrolls of teleportation {unknown}
 J - a scroll of brand weapon {unknown}
 V - a scroll of fear {unknown}
 Z - 4 scrolls of identify {unknown}
Potions
 b - 2 potions of lignification {!q}
 i - 2 potions of heal wounds {unknown}
 j - a potion of invisibility {unknown}
 l - a potion of cancellation {unknown}
 q - a potion of degeneration {unknown}
 r - 2 potions of brilliance {unknown}
 w - a potion of might {unknown}
 B - 2 potions of curing {unknown}
 D - 2 potions of mutation {unknown}

Dungeon Overview and Level Annotations

Branches:
Dungeon (7/15) Zot: 26454  Temple (0/1) D:7           Sewer (visited)

Altars:
Elyvilon
Kikubaaqudgha
Nemelex Xobeh
Okawaru
Yredelemnul

######### #........
########### #........
#.........# #........
#.........#######........
######
................h........
......
#.........#######Y.......
##### ###########
#...§........ ...#
#..§§........ ##.#####
#..§D)....... .......#
#..§§.######. .......#
#.....# .......## #.....#
.)......# #.....#


You could see an ice beast.


Message History

😕 HP[+2]
You regained 2 hp, and now have 78/85 hp. 😕 HP[+2]
You regained 2 hp, and now have 80/85 hp. 😕 HP[+2]
You regained 2 hp, and now have 82/85 hp. 😕 HP[+2]
You regained 2 hp, and now have 84/85 hp.
A kobold brigand comes into view.
It is wielding a +0 short sword and quivering curare-tipped darts.
The kobold brigand shouts! 😎 HP[+1]
Your hp is fully restored (85).
A kobold comes into view. It is wielding a +0 dagger.
The kobold shouts!
The kobold brigand hits you with a +0 short sword.
The steam dragon breathes steam at you. The ball of steam hits you!!
You hear a shout! 😮 HP[-24]
You take 24 damage, and now have 61/85 hp.
You mangle the kobold brigand!!
You are engulfed in a cloud of scalding steam.
The kobold brigand hits you but does no damage. 😮 HP[-1]
You take 1 damage, and now have 60/85 hp.
You mangle the kobold brigand!!
You kill the kobold brigand!
Okawaru accepts your kill.
You are engulfed in a cloud of scalding steam.
The steam dragon breathes steam at you. The ball of steam hits you!
You hear a shout! x2 😮 HP[-14]
You take 14 damage, and now have 46/85 hp.
You claw the kobold!
You kill the kobold!
Okawaru accepts your kill.
You are engulfed in a cloud of scalding steam.
* * * LOW HITPOINT WARNING * * *
😮 HP[-3]
You take 3 damage, and now have 43/85 hp. 😮 HP[+2]
You regained 2 hp, and now have 45/85 hp. 😮 HP[+2]
You regained 2 hp, and now have 47/85 hp. 😮 HP[+2]
You regained 2 hp, and now have 49/85 hp.
A steam dragon is nearby!
An ice beast comes into view. 😮 HP[+2]
You regained 2 hp, and now have 51/85 hp.
You scratch the steam dragon. The steam dragon breathes steam at you.
The ball of steam hits you!!
* * * LOW HITPOINT WARNING * * *
You hear a shout! 😨 HP[-22]
You take 22 damage, and now have 29/85 hp.
You claw the steam dragon!
You are engulfed in a cloud of scalding steam.
* * * LOW HITPOINT WARNING * * *
The steam dragon bites you but does no damage.
The steam dragon claws you.
* * * LOW HITPOINT WARNING * * *
😱 HP[-10]
You take 10 damage, and now have 19/85 hp.
You scratch the steam dragon.
You are engulfed in a cloud of scalding steam.
* * * LOW HITPOINT WARNING * * *
The steam dragon barely misses you. The steam dragon claws you.
* * * LOW HITPOINT WARNING * * *
😱 HP[-3]
You take 3 damage, and now have 16/85 hp.
You claw the steam dragon!
You kill the steam dragon!
Okawaru accepts your kill.
You are engulfed in a cloud of scalding steam.
* * * LOW HITPOINT WARNING * * *
😱 HP[-6]
You take 6 damage, and now have 10/85 hp.
You see here a steam dragon corpse. 😱 HP[+2]
You regained 2 hp, and now have 12/85 hp. 😱 HP[+2]
You regained 2 hp, and now have 14/85 hp.
You barely miss the ice beast.
The ice beast barely misses you. 😱 HP[+2]
You regained 2 hp, and now have 16/85 hp.
You closely miss the ice beast. 😱 HP[+1]
You barely miss the ice beast. The ice beast hits you.
* * * LOW HITPOINT WARNING * * *
The ice beast freezes you!
* * * LOW HITPOINT WARNING * * *
😱 HP[-11]
You take 11 damage, and now have 6/85 hp.
You mangle the ice beast!! The ice beast hits you.
* * * LOW HITPOINT WARNING * * *
The ice beast freezes you!
You die...

Skill      XL: |  1  2  3  4  5  6  7  8 |
---------------+-------------------------+-----
Fighting       | 1 2 3 4 |  4.7
Unarmed Combat | 4 5 6 8 |  8.7
Shapeshifting  | 4 5 7 |  7.5
Dodging        | |  1.5

Action                     |  1- 3 |  4- 6 |  7- 9 || total
---------------------------+-------+-------+-------++-------
  Melee: Unarmed           |    87 |    98 |   163 ||   348
         Punch             |     2 |     1 |     2 ||     5
   Stab: Sleeping          |     2 |       |     1 ||     3
 Armour: Animal skin       |    36 |    28 |    22 ||    86
         Robe              |       |       |     5 ||     5
  Dodge: Dodged            |    35 |    36 |    56 ||   127

Levels and vault maps discovered:
D:1:      dpeg_arrival_windows_large_door, layout_loops_corners,
          hangedman_glass_teeth, hex_tiny
D:2:      layout_basic, shapermc_ecumenical_altar_starsandcircs,
          grunt_ministairs_4
D:3:      layout_basic, nemelex_diamond_rough_becter
D:4:      layout_gridville, tgw_kikubaaqudgha
D:5:      layout_layer_cave, lemuel_coloured_pillars_altar
D:6:      layout_loops_cross, okawaru_gym_becter, elyvilon_altar_1,
          gup_sewer_entry_glass
D:7:      layout_basic, minmay_temple_entry_arrows, st_stairs_8

Notes
Turn   | Place    | Note
-------+----------+-------------------------------------------
     0 | D:1      | sigonnn the Troll Shapeshifter began the quest for the Orb.
     0 | D:1      | Reached XP level 1. HP: 18/18 MP: 0/0
     0 | D:1      | magus.rc [v1.11.3]
   139 | D:1      | Reached skill level 1 in Fighting
   201 | D:1      | Reached XP level 2. HP: 27/27 MP: 1/1
   665 | D:1      | Reached XP level 3. HP: 33/33 MP: 2/2
   782 | D:2      | Found a faded altar of an unknown god.
  1404 | D:3      | Reached XP level 4. HP: 39/41 MP: 3/3
  1520 | D:3      | Found a sparkling altar of Nemelex Xobeh.
  1549 | D:3      | Reached skill level 4 in Unarmed Combat
  1577 | D:3      | You add the spells Ozocubu's Armour and Ozocubu's
                  | Refrigeration to your library.
  1668 | D:3      | You add the spells Vhi's Electric Charge, Arcjolt and
                  | Maxwell's Capacitive Coupling to your library.
  2035 | D:4      | Reached skill level 4 in Shapeshifting
  2035 | D:4      | Reached XP level 5. HP: 42/49 MP: 4/4
  2069 | D:4      | Reached skill level 2 in Fighting
  2209 | D:4      | Found an ancient bone altar of Kikubaaqudgha.
  2210 | D:4      | Noticed a human
  2212 | D:4      | Killed a human
  2480 | D:4      | Reached XP level 6. HP: 57/57 MP: 5/5
  2734 | D:5      | Entered Level 5 of the Dungeon
  2844 | D:5      | Reached skill level 5 in Unarmed Combat
  2910 | D:5      | Noticed a shadow
  2923 | D:5      | Killed a shadow
  2924 | D:5      | Reached skill level 5 in Shapeshifting
  2924 | D:5      | Reached XP level 7. HP: 57/66 MP: 6/6
  3101 | D:5      | Reached skill level 3 in Fighting
  3118 | D:5      | Found a basalt altar of Yredelemnul.
  3381 | D:5      | Reached skill level 6 in Unarmed Combat
  3792 | D:6      | Found a glowing drain.
  3823 | Sewer    | Entered a sewer
  3973 | D:6      | Noticed a wyvern
  3977 | D:6      | Killed a wyvern
  3978 | D:6      | Reached XP level 8. HP: 72/75 MP: 7/7
  4027 | D:6      | Found an iron altar of Okawaru.
  4032 | D:6      | Became a worshipper of Warmaster Okawaru
  4141 | D:6      | Found a white marble altar of Elyvilon.
  4308 | D:6      | Reached skill level 6 in Shapeshifting
  4465 | D:6      | Reached skill level 7 in Unarmed Combat
  4657 | D:7      | Reached * piety under Okawaru
  4659 | D:7      | Reached skill level 4 in Fighting
  4737 | D:7      | Reached skill level 8 in Unarmed Combat
  4737 | D:7      | Reached skill level 7 in Shapeshifting
  4737 | D:7      | Reached XP level 9. HP: 66/85 MP: 8/8
  4748 | D:7      | Reached ** piety under Okawaru
  4847 | D:7      | Found a staircase to the Ecumenical Temple.
  4872 | D:7      | You pick up a book of Sloth and begin reading...
  4872 | D:7      | You add the spells Frozen Ramparts, Petrify and Metabolic
                  | Englaciation to your library.
  5071 | D:7      | HP: 21/85 [steam dragon] (8)]
  5073 | D:7      | HP: 9/85 [something (7)]
  5078 | D:7      | HP: 17/85 [ice beast (2)]
  5078 | D:7      | HP: 6/85 [ice beast (11)]
  5079 | D:7      | Mangled by an ice beast

Vanquished Creatures
  A shadow (D:5)
  2 wyverns
  A steam dragon (D:7)
  2 water moccasins (D:7)
  An orc warrior (D:7)
  3 ogres
  A centaur (D:6)
  A phantom (D:5)
  A kobold brigand (D:7)
  A bullfrog (D:7)
  10 wights (D:7)
  A howler monkey (D:6)
  A hound (D:4)
  2 orc priests (D:6)
  A jelly (D:5)
  6 iguanas
  5 orc wizards
  A hell rat (Sewer)
  7 gnolls
  11 adders
  2 river rats (Sewer)
  2 white imps
  2 ufetubi
  3 dart slugs
  17 orcs
  4 bats
  3 endoplasms
  4 giant cockroaches
  3 goblins
  6 hobgoblins
  7 jackals
  3 kobolds
  6 quokkas
  4 ball pythons
  A frilled lizard (D:1)
  12 rats
138 creatures vanquished.

Vanquished Creatures (others)
  A human (D:4)
  A kobold (D:7)
2 creatures vanquished.

Grand Total: 140 creatures vanquished

Table legend:
 A = Non-vault XP
 B = Vault XP
 C = Vault XP percentage of total XP
 D = Non-vault monster count
 E = Vault monster count
 F = Vault count percentage of total count
                 A         B        C        D         E       F
            +---------+---------+-------+---------+---------+-------
      Total |    3715 |      92 |   2.4 |     122 |      16 |  11.6
            +---------+---------+-------+---------+---------+-------
        D:1 |      41 |       0 |   0.0 |      25 |       0 |   0.0
        D:2 |      35 |       9 |  20.5 |       6 |       5 |  45.5
        D:3 |      97 |       0 |   0.0 |      21 |       0 |   0.0
        D:4 |     233 |       0 |   0.0 |      12 |       0 |   0.0
        D:5 |     664 |       0 |   0.0 |      17 |       0 |   0.0
        D:6 |     753 |      17 |   2.2 |      17 |       3 |  15.0
        D:7 |    1892 |       3 |   0.2 |      24 |       1 |   4.0
      Sewer |       0 |      63 | 100.0 |       0 |       7 | 100.0
            +---------+---------+-------+---------+---------+-------

Skill      XL: |  1  2  3  4  5  6  7  8 |
---------------+-------------------------+-----
Fighting       | 1 2 3 4 |  4.7
Unarmed Combat | 4 5 6 8 |  8.7
Shapeshifting  | 4 5 7 |  7.5
Dodging        | |  1.5

Action                     |  1- 3 |  4- 6 |  7- 9 || total
---------------------------+-------+-------+-------++-------
  Melee: Unarmed           |    87 |    98 |   163 ||   348
         Punch             |     2 |     1 |     2 ||     5
   Stab: Sleeping          |     2 |       |     1 ||     3
 Armour: Animal skin       |    36 |    28 |    22 ||    86
         Robe              |       |       |     5 ||     5
  Dodge: Dodged            |    35 |    36 |    56 ||   127

Illustrated notes

Table legend:
 A = Kills in this place as a percentage of kills in the entire game.
 B = Kills by you in this place as a percentage of kills by you in the entire game.
 C = Kills by friends in this place as a percentage of kills by friends in the entire game.
 D = Other kills in this place as a percentage of other kills in the entire game.
 E = Experience gained in this place as a percentage of experience gained in the entire game.
 F = Experience gained in this place divided by the number of levels of this place that you have seen.
                   A       B       C       D       E      F
               +-------+-------+-------+-------+-------+----------------------
         Total | 100.0 | 100.0 |   N/A |   N/A | 100.0 | 475.9
       Dungeon |  94.9 |  94.9 |   N/A |   N/A |  98.3 | 534.9
         Sewer |   5.1 |   5.1 |   N/A |   N/A |   1.7 |  63.0
               +-------+-------+-------+-------+-------+----------------------

Table legend: (Time is in decaauts)
 A = Elapsed time spent in this place.
 B = Non-inter-level travel time spent in this place.
 C = Inter-level travel time spent in this place.
 D = Time resting spent in this place.
 E = Time spent auto-exploring this place.
 F = Levels seen in this place.
 G = Mean time per level.
                   A        B        C        D        E       F      G
               +--------+--------+--------+--------+--------+-----+--------+
         Total |   5042 |   4839 |    203 |     41 |   3968 |   8 |  630.2 |
       Dungeon |   4947 |   4744 |    203 |     41 |   3916 |   7 |  706.7 |
         Sewer |     94 |     94 |      0 |      0 |     52 |   1 |   94.0 |
               +--------+--------+--------+--------+--------+-----+--------+

Top non-repeatable levels by time:
     D:5: 1018 daAuts
     D:1: 766 daAuts
     D:4: 751 daAuts
     D:3: 684 daAuts
     D:6: 661 daAuts
     D:7: 544 daAuts
     D:2: 519 daAuts
   Sewer: 94 daAuts
